Map: Prion Terraces

Players

DeathRow

  • Race: Terran Terran
  • League: Grandmaster

Sacrilege - Winner!

  • Race: Zerg Zerg
  • League: Master

VOD

Have the link to the VOD?

Description

Time

  • Played on: Feb. 17, 2016, 10:46 p.m.
  • Length: 15:01
Show
View Real Time Build Order
Export as new Build Order

DeathRow Terran 

Build Orders: Reaper Expand, Bio Tank, Hellion Banshee 

Get SALT Encoding   

  12  0:01  SCV  
  13  0:13  SCV  
  14  0:17  Supply Depot  
  14  0:25  SCV  
  15  0:39  SCV  
  15  0:40  Barracks  
  16  0:45  Refinery  
  16  0:51  SCV  
  17  1:03  SCV  
  18  1:15  SCV  
  19  1:28  Orbital Command  
  19  1:29  Reaper  
  20  1:44  Command Center  
  20  1:51  Refinery  
  20  1:55  SCV  
  21  2:02  Barracks Reactor  
  21  2:07  Supply Depot  
  21  2:08  SCV  
  22  2:21  Factory  
  22  2:22  SCV  
  23  2:34  SCV  
  24  2:37  Marine  
  24  2:38  Marine  
  26  2:46  SCV  
  27  2:58  SCV  
  28  3:07  Starport  
  28  3:10  Orbital Command  
  28  3:11  Hellion x2  
  32  3:17  SCV  
  33  3:25  Barracks Tech Lab  
  33  3:29  SCV  
  33  3:33  Hellion x2  
  38  3:35  SCV  
  39  3:41  SCV  
  39  3:47  SCV  
  41  3:50  Barracks Tech Lab  
  41  3:51  Cloaking Field, Banshee  
  41  3:53  SCV  
  41  3:54  Supply Depot  
  45  4:00  SCV  
  46  4:15  Stimpack  
  46  4:16  Hellion x2, Marine, SCV x2  
  53  4:17  Supply Depot  
  53  4:24  Bunker  
  53  4:28  SCV  
  54  4:40  Banshee  
  54  4:41  Marine  
  58  4:46  Barracks  
  58  4:47  Command Center, Factory Tech Lab  
  58  4:49  SCV  
  46  5:08  SCV  
  46  5:09  SCV  
  46  5:13  Barracks  
  48  5:14  Barracks  
  48  5:15  Siege Tank, Marine  
  48  5:17  Barracks  
  48  5:20  SCV  
  53  5:21  SCV  
  54  5:32  SCV  
  54  5:33  Marauder, SCV  
  58  5:39  Starport Reactor  
  58  5:48  SCV  
  58  5:49  SCV  
  60  5:54  Factory  
  60  5:58  Engineering Bay x2, Siege Tank  
  60  6:00  SCV  
  60  6:01  SCV, Orbital Command  
  60  6:02  Barracks Reactor x2  
  65  6:08  Marine  
  65  6:10  Barracks Tech Lab  
  63  6:12  SCV  
  63  6:13  SCV  
  63  6:15  Refinery  
  63  6:18  Marine x2  
  65  6:19  Refinery  
  65  6:20  Orbital Command  
  65  6:21  Medivac  
  65  6:24  SCV  
  70  6:26  SCV  
  70  6:29  Marine x2  
  73  6:36  Marauder, SCV  
  73  6:39  SCV  
  77  6:42  Marine x2  
  77  6:46  Marine x2  
  81  6:48  Marauder  
  81  6:49  SCV  
  81  6:51  SCV  
  85  6:54  Supply Depot  
  85  6:56  Supply Depot, Marine x2  
  85  6:57  Terran Infantry Weapons Level 1, Supply Depot x2, Siege Tank, SCV  
  85  7:01  SCV  
  92  7:04  SCV  
  92  7:05  Combat Shields  
  93  7:10  Supply Depot  
  93  7:16  Marine x5, SCV x3  
  93  7:17  Marine x3  
  93  7:18  Medivac  
  106  7:28  SCV x3  
  109  7:32  Supply Depot  
  109  7:33  Marine x3  
  109  7:34  Supply Depot, Marauder  
  109  7:36  Siege Tank  
  117  7:39  Terran Infantry Armor Level 1, Refinery  
  117  7:40  Refinery, Marine x3, SCV x3  
  123  7:48  Marine  
  123  7:50  Concussive Shells  
  124  7:52  SCV x3  
  124  7:55  Marauder  
  129  8:04  SCV  
  129  8:05  Marine x6  
  131  8:13  Marauder  
  131  8:14  Siege Tank x2  
  131  8:17  Marauder  
  141  8:23  Marine x4  
  145  8:27  Medivac, Armory  
  145  8:28  Marine  
  145  8:29  Command Center, Marine  
  145  8:33  Supply Depot  
  149  8:34  Marine  
  149  8:36  Supply Depot  
  149  8:37  Supply Depot  
  149  8:38  Marine  
  149  8:41  Marine x3  
  152  8:44  Marine  
  152  8:47  Marine  
  155  8:52  Marauder  
  155  8:53  Marine  
  155  8:55  Medivac, Siege Tank x2  
  165  9:07  Marine x5  
  165  9:08  Marauder  
  172  9:14  Barracks x2  
  169  9:18  Marauder  
  170  9:30  Marauder  
  172  9:33  Siege Tank x2  
  172  9:37  Medivac x2  
  143  9:47  Marine x2  
  143  9:49  Marine x4  
  143  9:51  Marauder  
  125  10:00  Planetary Fortress, Marine  
  125  10:01  Factory  
  125  10:03  Factory  
  125  10:06  Barracks Tech Lab x2  
  126  10:12  Marauder  
  114  10:25  Marine  
  114  10:26  Marauder x2, Marine x6  
  118  10:33  Marine  
  111  10:43  Marine x2  
  111  10:44  Marauder, Marine x2  
  111  10:47  Marauder x2  
  120  10:53  Command Center  
  120  10:55  Marauder, Marine x2  
  124  11:01  Marine  
  125  11:04  SCV x2  
  125  11:06  Refinery  
  125  11:07  Marauder, Refinery  
  125  11:08  Marauder, Factory Tech Lab x2  
  131  11:22  Refinery  
  129  11:28  Command Center  
  129  11:32  SCV  
  127  11:33  SCV x2  
  127  11:35  Marauder  
  133  11:40  Medivac x2  
  137  11:51  Siege Tank  
  137  11:53  Siege Tank x2  
  144  12:05  Siege Tank  
  143  12:16  Marauder, Marine x6  
  147  12:23  Siege Tank  
  147  12:25  Siege Tank x2  
  137  12:34  Marauder x2  
  138  12:42  Marine  
  137  12:47  SCV  
  113  13:39  Marauder, Marine x8  
  113  13:40  Orbital Command  
  122  13:47  Marauder  
  104  13:57  Marine x3  
  96  14:09  Marauder, Marine  
Show
View Real Time Build Order
Export as new Build Order

Sacrilege Zerg - Winner!

Build Orders: Pool First 

Get SALT Encoding   

  12  0:01  Drone  
  13  0:12  Overlord  
  13  0:17  Drone  
  14  0:30  Drone  
  14  0:31  Drone  
  16  0:37  Drone  
  16  0:41  Extractor  
  16  0:45  Drone  
  17  0:50  Spawning Pool  
  17  0:56  Drone  
  17  1:17  Hatchery  
  16  1:21  Drone  
  18  1:25  Drone  
  18  1:36  Queen  
  20  1:41  Zergling x2  
  21  1:47  Overlord  
  21  1:50  Zergling x2  
  23  2:08  Drone  
  23  2:13  Queen  
  23  2:15  Metabolic Boost  
  25  2:21  Drone  
  25  2:22  Drone  
  27  2:34  Queen  
  29  2:37  Drone x2  
  30  3:00  Hatchery, Drone  
  30  3:01  Drone x4  
  33  3:07  Drone  
  33  3:08  Drone  
  33  3:12  Overlord  
  35  3:23  Overlord  
  35  3:26  Extractor, Roach Warren  
  33  3:32  Drone  
  33  3:33  Drone x3  
  37  3:48  Drone  
  38  3:49  Drone x5  
  38  3:55  Lair  
  43  4:07  Roach  
  43  4:08  Roach x2  
  49  4:15  Roach  
  49  4:16  Overlord  
  51  4:18  Zergling x2  
  51  4:19  Zergling x8  
  55  4:34  Queen  
  55  4:37  Drone x3  
  57  4:45  Extractor  
  57  4:46  Drone  
  57  4:51  Evolution Chamber  
  56  4:53  Glial Reconstitution  
  56  4:54  Evolution Chamber  
  56  4:56  Drone x5  
  55  5:03  Drone  
  55  5:04  Drone  
  56  5:07  Drone  
  56  5:09  Drone  
  56  5:10  Drone  
  56  5:16  Spore Crawler  
  56  5:17  Overseer  
  56  5:19  Spore Crawler  
  54  5:22  Spore Crawler  
  54  5:23  Zerg Missile Weapons Level 1  
  54  5:24  Drone  
  54  5:25  Drone x2  
  52  5:33  Drone x3  
  55  5:40  Drone  
  55  5:41  Drone x4  
  57  5:44  Drone  
  57  5:53  Zerg Ground Armor Level 1  
  57  5:56  Extractor, Drone  
  58  5:57  Drone  
  58  6:03  Overlord  
  58  6:10  Overlord x2  
  58  6:13  Overlord  
  58  6:18  Overseer  
  58  6:22  Drone x2  
  58  6:23  Extractor, Drone x5  
  64  6:26  Overlord  
  64  6:37  Overlord  
  64  6:39  Roach  
  66  6:40  Roach x3  
  66  6:43  Roach  
  74  6:57  Drone x3  
  74  6:58  Drone x2  
  74  6:59  Drone x4  
  83  7:03  Extractor, Drone  
  83  7:06  Pneumatized Carapace  
  83  7:13  Roach  
  83  7:14  Roach x5  
  95  7:23  Drone x4  
  95  7:26  Roach x3  
  105  7:37  Overlord  
  105  7:38  Overlord  
  105  7:42  Infestation Pit  
  102  7:51  Drone x2  
  102  7:52  Drone x2  
  102  7:55  Hatchery  
  102  7:56  Roach x2  
  102  7:57  Overlord  
  109  8:05  Roach  
  109  8:06  Roach x4  
  117  8:15  Zerg Missile Weapons Level 2  
  117  8:19  Roach  
  125  8:20  Roach x3  
  125  8:23  Roach  
  127  8:27  Roach  
  127  8:29  Overlord  
  129  8:35  Overlord  
  129  8:45  Overlord x2  
  129  8:49  Roach x4  
  137  8:58  Roach  
  137  8:59  Roach x3  
  137  9:00  Overlord x2  
  137  9:02  Overlord x2  
  145  9:03  Overlord x3  
  145  9:08  Drone x4  
  148  9:19  Ravager x9  
  148  9:20  Ravager x2  
  148  9:24  Roach x4  
  161  9:28  Drone x2  
  144  9:46  Roach x10  
  144  9:47  Roach x2  
  159  9:58  Drone  
  159  9:59  Drone  
  161  10:00  Drone x3  
  164  10:10  Hatchery  
  163  10:19  Roach  
  163  10:20  Roach x4  
  126  10:35  Roach x4  
  126  10:45  Roach  
  126  10:46  Roach x2  
  126  10:48  Roach  
  125  10:52  Roach  
  124  10:57  Roach  
  124  11:02  Ravager x8  
  124  11:03  Ravager  
  133  11:06  Hive  
  133  11:11  Roach x4  
  141  11:13  Extractor x2, Roach  
  141  11:16  Roach  
  143  11:19  Roach  
  145  11:27  Roach  
  145  11:28  Roach x4  
  145  11:32  Roach x3  
  161  11:39  Drone x3  
  164  11:42  Ravager x2  
  166  11:49  Roach x5  
  176  11:57  Roach  
  176  11:58  Roach x4  
  176  12:00  Overlord  
  186  12:07  Hatchery  
  185  12:09  Roach x5  
  195  12:19  Roach  
  195  12:20  Roach x2  
  200  12:27  Roach x2  
  192  12:31  Roach  
  186  12:39  Roach x6  
  180  12:53  Roach  
  180  12:57  Roach  
  180  12:58  Roach x7  
  170  13:11  Hatchery  
  169  13:18  Infestor x3  
  175  13:34  Roach  
  177  13:46  Roach  
  161  13:57  Roach x3  
  164  14:11  Roach  
  164  14:12  Roach x2  
  151  14:20  Roach  
Tags
 
Add a new tag
Caveats
  • Supply blocks, unpowered buildings, or Contaminate may cause inaccurate times.
  • Supply counts are checked every 10 seconds.